[Event "December 19 Late 2023"]
[Site "https://www.chess.com"]
[Date "2023.12.19"]
[Round "6"]
[White "Molenda, Marcin"]
[Black "Pakleza, Zbigniew"]
[Result "0-1"]
[Board "88"]
[TimeControl "180+1"]
[WhiteFideId "1173065"]
[BlackFideId "1119290"]
[WhiteElo "2286"]
[BlackElo "2410"]
[WhiteTeam "POL"]
[BlackTeam "POL"]
[WhiteClock "0:00:00"]
[BlackClock "0:00:02"]

1. e4 a6 2. a3 h6 3. h3 b6 4. b3 c6 5. c3 d6 6. d3 e6 7. Ra2 g6 8. g3 Ne7 9. Ne2 f6 10. f3 Bg7 11. Bg2 Bb7 12. O-O Nd7 13. d4 O-O 14. Nf4 Kf7 15. c4 e5 16. Ne2 Kg8 17. Be3 d5 18. Nbc3 dxe4 19. Nxe4 Nf5 20. Bf2 exd4 21. Nxd4 Nxd4 22. Qxd4 c5 23. Qe3 Qe7 24. f4 Rae8 25. Re1 f5 26. Nd2 Qxe3 27. Rxe3 Bxg2 28. Kxg2 Nf6 29. Kf3 g5 30. b4 Rd8 31. bxc5 bxc5 32. Nb3 Ne4 33. fxg5 hxg5 34. Kg2 Rfe8 35. Rae2 Rf8 36. Be1 Rd1 37. g4 f4 38. Rxe4 f3+ 39. Kf2 fxe2+ 40. Kxe2 Rb1 41. Nxc5 Rb2+ 42. Kd1 Ra2 43. Ne6 Re8 44. Nxg5 Rd8+ 45. Kc1 Rb8 0-1

[Event "December 19 Late 2023"]
[Site "https://www.chess.com"]
[Date "2023.12.19"]
[Round "6"]
[White "Essing, Arnold"]
[Black "Rose, Felix"]
[Result "1-0"]
[Board "89"]
[TimeControl "180+1"]
[WhiteFideId "4619862"]
[BlackFideId "5105722"]
[WhiteElo "2257"]
[BlackElo "2039"]
[WhiteTeam "GER"]
[BlackTeam "MEX"]
[WhiteClock "0:01:04"]
[BlackClock "0:01:21"]

1. d4 d5 2. Nf3 Nf6 3. c4 e6 4. Nc3 Be7 5. Bg5 Nbd7 6. e3 h6 7. Bh4 O-O 8. Bd3 c5 9. O-O b6 10. Qe2 Bb7 11. Rfd1 Ne4 12. Bg3 cxd4 13. exd4 Ndf6 14. Ne5 Nxg3 15. hxg3 dxc4 16. Bxc4 Nd5 17. Nxd5 Bxd5 18. Ba6 Qd6 19. a3 Rad8 20. Rac1 Bg5 21. f4 Bf6 22. b4 Bb3 23. Rd2 Bd5 24. Kh2 g6 25. Qd3 h5 26. Rdc2 Kg7 27. Rc7 Ba8 28. Qxg6+ 1-0

[Event "December 19 Late 2023"]
[Site "https://www.chess.com"]
[Date "2023.12.19"]
[Round "6"]
[White "Chaika, Vitalii"]
[Black "Mizzi, Jack"]
[Result "1/2-1/2"]
[Board "90"]
[TimeControl "180+1"]
[WhiteFideId "14111802"]
[BlackFideId "5602521"]
[WhiteElo "2010"]
[BlackElo "2127"]
[WhiteTeam "UKR"]
[BlackTeam "MLT"]
[WhiteClock "0:00:31"]
[BlackClock "0:01:24"]

1. d4 Nf6 2. Bf4 e6 3. e3 d5 4. Nd2 Bd6 5. Bg3 O-O 6. Bd3 c5 7. c3 Nc6 8. Ngf3 Re8 9. Ne5 Qc7 10. f4 a6 11. O-O b5 12. a3 Bb7 13. Bh4 Be7 14. Bxf6 Bxf6 15. Rf3 b4 16. Rh3 h6 17. Qg4 bxc3 18. bxc3 Qa5 19. Rxh6 Qxc3 20. Rh8+ Kxh8 21. Qh5+ Kg8 22. Qxf7+ Kh8 23. Ng6+ Kh7 24. Nf8+ Kh8 25. Ng6+ Kh7 26. Nf8+ Kh8 27. Ng6+ 1/2-1/2

[Event "December 19 Late 2023"]
[Site "https://www.chess.com"]
[Date "2023.12.19"]
[Round "6"]
[White "Ibadov, Dashgyn"]
[Black "ajian"]
[Result "1/2-1/2"]
[Board "91"]
[TimeControl "180+1"]
[WhiteFideId "24107514"]
[WhiteElo "2183"]
[BlackElo "2398"]
[WhiteTeam "FID"]
[WhiteClock "0:00:01"]
[BlackClock "0:00:07"]

1. e4 c5 2. Nf3 Nc6 3. Bb5 e6 4. O-O Nge7 5. d4 cxd4 6. Nxd4 a6 7. Be2 Nxd4 8. Qxd4 Nc6 9. Qc3 Qf6 10. Qxf6 gxf6 11. c3 Bc5 12. Nd2 Ke7 13. Nc4 b5 14. Be3 d6 15. Bxc5 dxc5 16. Nb6 Rb8 17. Nxc8+ Rhxc8 18. f4 a5 19. Rf3 b4 20. Rh3 bxc3 21. bxc3 Rb2 22. Bf3 Rc2 23. Rxh7 Rxc3 24. Rb1 Rc7 25. h4 Nd4 26. Bh5 Kd6 27. Kh2 Re3 28. Rb6+ Rc6 29. Rxc6+ Kxc6 30. Rxf7 c4 31. Rf8 Kd7 32. Bd1 c3 33. h5 Rxe4 34. h6 Rxf4 35. Kg3 Rf1 36. h7 Rh1 37. h8=Q Rxh8 38. Rxh8 c2 39. Bxc2 Nxc2 40. Kf4 Nb4 41. a4 Nd3+ 42. Ke3 Nc5 43. Kd4 Nxa4 44. Ra8 Nb6 45. Rxa5 Nd5 46. Ra7+ Kd6 47. Ra6+ Kd7 48. g3 Ke7 49. Kc5 f5 50. Ra7+ Kf6 51. Kd6 Ne3 52. Ra8 Nc4+ 53. Kc5 Ne5 54. Kd4 Nf7 55. Ke3 Ne5 56. Rf8+ Ke7 57. Rh8 Ng6 58. Rh7+ Kf6 59. Ra7 Ne5 60. Kf4 Ng6+ 61. Kf3 Ne5+ 62. Ke3 Ng6 63. Ra6 Ne5 64. Kd4 Nf3+ 65. Kc5 Ne5 66. Kd6 Nf7+ 67. Kd7 Ne5+ 68. Ke8 Ng6 69. Rb6 Ne5 70. Kf8 Ng6+ 71. Kg8 Ne5 72. Kh7 Nc4 73. Ra6 Ne5 74. Kh6 Ng4+ 75. Kh5 Ne5 76. Ra8 Ng4 77. Rf8+ Ke7 78. Rh8 Kf6 79. Rg8 Ne5 80. Rg5 Ng4 81. Rg6+ Ke5 82. Kg5 Kd5 83. Rg8 Ke5 84. Rd8 Nf2 85. Rb8 Ne4+ 86. Kg6 Kd5 87. Rb5+ Kd6 88. Ra5 Ke7 89. Ra7+ Kd6 90. Ra6+ Ke7 91. Ra7+ Kd6 92. Ra6+ Ke7 93. Ra7+ 1/2-1/2

[Event "December 19 Late 2023"]
[Site "https://www.chess.com"]
[Date "2023.12.19"]
[Round "6"]
[White "Buchenau, Frank"]
[Black "Cobysters"]
[Result "0-1"]
[Board "92"]
[TimeControl "180+1"]
[WhiteFideId "4604350"]
[WhiteElo "2157"]
[BlackElo "2574"]
[WhiteTeam "GER"]
[WhiteClock "0:00:00"]
[BlackClock "0:02:14"]

1. e4 c5 2. Nf3 Nc6 3. Bb5 e6 4. Bxc6 bxc6 5. d3 Ne7 6. Qe2 Ng6 7. h4 h5 8. e5 c4 9. dxc4 Rb8 10. b3 Bb4+ 11. c3 Be7 12. Bg5 Bxg5 13. hxg5 Nf4 14. Qe4 Ng6 15. c5 Ba6 16. c4 Qa5+ 17. Nbd2 Qxc5 18. O-O h4 19. Rfe1 h3 20. g3 Qe7 21. Qe3 c5 22. Ne4 Kf8 23. Qxc5 Bb7 24. Qxe7+ Nxe7 25. Rad1 Rd8 26. Nh2 Ng6 27. Nc5 Bc6 28. b4 Ke7 29. b5 Ba8 30. Rd4 d6 31. exd6+ Rxd6 32. Rxd6 Kxd6 33. Na6 Ke7 34. c5 Rd8 35. c6 Rd2 36. a4 Rc2 37. Rd1 Ne5 38. f4 Rg2+ 39. Kh1 Nxc6 40. bxc6 Bxc6 41. Rc1 Rc2+ 0-1

[Event "December 19 Late 2023"]
[Site "https://www.chess.com"]
[Date "2023.12.19"]
[Round "6"]
[White "Li, Tedric"]
[Black "Estrada Nieto, Julian"]
[Result "0-1"]
[Board "93"]
[TimeControl "180+1"]
[WhiteFideId "3242897"]
[BlackFideId "5101018"]
[WhiteElo "1833"]
[BlackElo "2161"]
[WhiteTeam "AUS"]
[BlackTeam "ESP"]
[WhiteClock "0:00:48"]
[BlackClock "0:01:46"]

1. e4 e5 2. Nf3 Nc6 3. d3 Nf6 4. g3 d5 5. exd5 Qxd5 6. Bg2 Bg4 7. O-O O-O-O 8. h3 Bh5 9. Nc3 Qd7 10. g4 Bg6 11. Qe2 Nd4 12. Nxd4 exd4 13. Ne4 Nxe4 14. Bxe4 Bxe4 15. Qxe4 h5 16. Bf4 hxg4 17. hxg4 Qxg4+ 18. Bg3 Qxe4 19. dxe4 Bd6 20. Rad1 Bxg3 21. fxg3 f6 22. Kg2 Rhe8 23. Kf3 Re5 24. Rh1 c5 25. Rh7 Rd7 26. a4 Kc7 27. c3 d3 28. b3 a6 29. g4 b5 30. Ke3 c4 31. bxc4 bxc4 32. Rb1 Rde7 0-1

[Event "December 19 Late 2023"]
[Site "https://www.chess.com"]
[Date "2023.12.19"]
[Round "6"]
[White "Smith, Garrett L"]
[Black "Keleberda, Tymur"]
[Result "0-1"]
[Board "94"]
[TimeControl "180+1"]
[WhiteFideId "2024829"]
[BlackFideId "14174294"]
[WhiteElo "2372"]
[BlackElo "2198"]
[WhiteTeam "USA"]
[BlackTeam "CAN"]
[WhiteClock "0:00:02"]
[BlackClock "0:00:26"]

1. e4 c5 2. Nf3 d6 3. d4 cxd4 4. Nxd4 Nf6 5. Nc3 a6 6. Be3 e5 7. Nf3 Be7 8. h3 Be6 9. g4 h6 10. Bg2 Nc6 11. Qd3 d5 12. Nxd5 Nxd5 13. exd5 Qxd5 14. Qxd5 Bxd5 15. c3 O-O-O 16. Bb6 Rd7 17. h4 e4 18. Nd4 e3 19. Bxd5 exf2+ 20. Kxf2 Rxd5 21. Rae1 Bf6 22. Nxc6 bxc6 23. Re2 c5 24. h5 Kd7 25. c4 Rd4 26. Bxc5 Rxc4 27. Rd1+ Kc6 28. b4 Rxg4 29. Rd6+ Kb5 30. Rb6+ Kc4 31. Rxa6 Rd8 32. Rd6 Rxd6 33. Bxd6 Bd4+ 34. Kf3 Rg5 35. a4 Rxh5 36. a5 Rf5+ 37. Kg4 Rf1 38. Ra2 Kb3 39. Re2 f5+ 40. Kh5 f4 41. a6 f3 42. Rd2 Kc4 43. Bc5 Bxc5 44. bxc5 Ra1 45. Rc2+ Kd3 46. Rf2 Ke3 47. Rc2 Rxa6 48. c6 Ra8 49. c7 Rc8 50. Kg6 f2 0-1

[Event "December 19 Late 2023"]
[Site "https://www.chess.com"]
[Date "2023.12.19"]
[Round "6"]
[White "Su, Dion"]
[Black "Bold, Andre"]
[Result "0-1"]
[Board "95"]
[TimeControl "180+1"]
[WhiteFideId "2029731"]
[BlackFideId "16208471"]
[WhiteElo "2370"]
[BlackElo "2110"]
[WhiteTeam "USA"]
[BlackTeam "GER"]
[WhiteClock "0:00:00"]
[BlackClock "0:00:06"]

1. e4 c6 2. d4 d5 3. e5 Bf5 4. Nf3 e6 5. Be2 Ne7 6. O-O h6 7. c3 Nd7 8. Be3 Qc7 9. Nbd2 g5 10. Rc1 Bg7 11. b3 O-O 12. Ne1 Ng6 13. Nd3 Bxd3 14. Bxd3 f5 15. exf6 Rxf6 16. g3 e5 17. dxe5 Ngxe5 18. Bb1 g4 19. c4 Qd6 20. Bd4 Nf3+ 21. Nxf3 Rxf3 22. Bxg7 Kxg7 23. cxd5 cxd5 24. Be4 Ne5 25. Qxd5 Qxd5 26. Bxd5 Rd3 27. Bxb7 Rb8 28. Bg2 Kf6 29. Rfd1 Rbd8 30. Rxd3 Rxd3 31. Be4 Rd2 32. Rc2 Nf3+ 33. Kf1 Rd1+ 34. Ke2 Re1+ 35. Kd3 Ne5+ 36. Kd4 Rd1+ 37. Kc5 h5 38. a4 Rb1 39. Kb4 a5+ 40. Kxa5 Rxb3 41. Bd5 Rb1 42. Ka6 Ke7 43. a5 Kd6 44. Ba8 Nd7 45. Ka7 Nc5 46. a6 Ra1 47. Bb7 Re1 48. Rd2+ Kc7 49. Rd5 Nxb7 50. Rxh5 Nd6 51. Rh7+ Kc6 52. Rh6 Kd5 53. Kb8 Rb1+ 54. Kc7 Rc1+ 55. Kd7 Nb5 56. Rh5+ Kc4 57. Rg5 Rd1+ 58. Kc8 Rd6 59. Rxg4+ Kc5 60. Rg5+ Kb6 0-1

[Event "December 19 Late 2023"]
[Site "https://www.chess.com"]
[Date "2023.12.19"]
[Round "6"]
[White "Kopczynski, Michal"]
[Black "Korol, Dimitry"]
[Result "0-1"]
[Board "96"]
[TimeControl "180+1"]
[WhiteFideId "1124200"]
[BlackFideId "14108003"]
[WhiteElo "2174"]
[BlackElo "2262"]
[WhiteTeam "POL"]
[BlackTeam "UKR"]
[WhiteClock "0:00:07"]
[BlackClock "0:00:02"]

1. e4 c5 2. d4 cxd4 3. c3 d5 4. exd5 Qxd5 5. cxd4 Nc6 6. Nf3 e5 7. Nc3 Bb4 8. Be2 exd4 9. O-O Qd8 10. Nb5 Nge7 11. Nbxd4 O-O 12. Bg5 Qb6 13. Nxc6 Nxc6 14. Rc1 Be6 15. Qa4 Rfe8 16. Bb5 Rac8 17. Ne5 Bd5 18. Nxc6 bxc6 19. Ba6 Rb8 20. Bf4 Rbd8 21. Be3 Rxe3 22. fxe3 Qxe3+ 23. Kh1 Qd2 24. Rc2 Bxg2+ 25. Kg1 Bc5+ 26. Rxc5 Bxf1 27. Kxf1 Rd4 28. Rc4 Qf4+ 29. Ke2 Rd2+ 30. Ke1 Qf2# 0-1

[Event "December 19 Late 2023"]
[Site "https://www.chess.com"]
[Date "2023.12.19"]
[Round "6"]
[White "Osmak, Yuliia"]
[Black "Chess_Star1234"]
[Result "1-0"]
[Board "97"]
[TimeControl "180+1"]
[WhiteFideId "14101602"]
[WhiteElo "2303"]
[BlackElo "2357"]
[WhiteTeam "UKR"]
[WhiteClock "0:00:06"]
[BlackClock "0:00:23"]

1. e4 e5 2. Nf3 Nc6 3. Nc3 Nf6 4. Bb5 Bb4 5. O-O Bxc3 6. bxc3 O-O 7. Re1 d6 8. h3 Ne7 9. d4 Ng6 10. Bd3 Qe7 11. a4 a5 12. Bb2 b6 13. Qd2 Bb7 14. Qe3 h6 15. g3 Rfe8 16. d5 Rad8 17. Bb5 Rf8 18. h4 Bc8 19. Bf1 Bg4 20. Nh2 Bc8 21. Be2 Nd7 22. h5 Nh8 23. Bg4 Ba6 24. Bc1 Nf6 25. Bf5 Nxh5 26. Ng4 Ng6 27. Kg2 Bc8 28. Rh1 Bxf5 29. exf5 Ngf4+ 30. gxf4 Nxf4+ 31. Kf1 Qg5 32. Qf3 h5 33. Bxf4 exf4 34. Rxh5 Qe7 35. Qh3 f6 36. Rh8+ Kf7 37. Qh5+ 1-0

[Event "December 19 Late 2023"]
[Site "https://www.chess.com"]
[Date "2023.12.19"]
[Round "6"]
[White "Stojanovski, Sandi"]
[Black "Nielsen, Viktor Haarmark"]
[Result "0-1"]
[Board "98"]
[TimeControl "180+1"]
[WhiteFideId "1403249"]
[BlackFideId "1444492"]
[WhiteElo "2518"]
[BlackElo "2315"]
[WhiteTeam "DEN"]
[BlackTeam "DEN"]
[WhiteClock "0:00:00"]
[BlackClock "0:00:46"]

1. d3 e5 2. Nf3 Nc6 3. g3 d5 4. Bg2 Nf6 5. O-O Be7 6. Bg5 O-O 7. Nc3 Be6 8. e4 d4 9. Ne2 h6 10. Bxf6 Bxf6 11. Nd2 Be7 12. f4 exf4 13. Nxf4 Ne5 14. Nxe6 fxe6 15. Qh5 Qd6 16. Bh3 Bg5 17. Nf3 g6 18. Bxe6+ Qxe6 19. Nxg5 hxg5 20. Qh6 g4 21. Rf4 Nf3+ 22. Kg2 Rxf4 23. gxf4 Rf8 24. Kg3 Rf7 25. f5 Qd6+ 26. Kg2 Rh7 27. Qxg6+ Qxg6 28. fxg6 Rxh2+ 29. Kg3 Rxc2 30. Kxg4 Ne5+ 31. Kf5 Nxd3 32. e5 Nxb2 33. e6 Rf2+ 34. Ke5 d3 35. e7 Re2+ 36. Kf6 d2 0-1

[Event "December 19 Late 2023"]
[Site "https://www.chess.com"]
[Date "2023.12.19"]
[Round "6"]
[White "Perea Fruet, Lorenzo"]
[Black "Ardila, Oscar Humberto"]
[Result "1-0"]
[Board "99"]
[TimeControl "180+1"]
[WhiteFideId "24595870"]
[BlackFideId "4404742"]
[WhiteElo "2268"]
[BlackElo "1915"]
[WhiteTeam "ESP"]
[BlackTeam "COL"]
[WhiteClock "0:00:04"]
[BlackClock "0:00:03"]

1. f4 Nf6 2. Nf3 d6 3. d3 Nbd7 4. Nbd2 g6 5. g3 Bg7 6. Bg2 O-O 7. e4 e5 8. O-O c6 9. Nc4 Qc7 10. fxe5 Nxe5 11. Nfxe5 dxe5 12. b3 b5 13. Ne3 Qb6 14. Kh1 h5 15. Qe2 Bg4 16. Nxg4 Nxg4 17. h3 Nf6 18. Bb2 Rfe8 19. Rf3 Nh7 20. h4 Re7 21. Raf1 Rf8 22. Qf2 Qxf2 23. R1xf2 f6 24. Ba3 Rfe8 25. Bxe7 Rxe7 26. g4 hxg4 27. Rg3 Nf8 28. Rxg4 Kf7 29. Rg5 Bh6 30. Rg3 Bf4 31. Rgf3 g5 32. hxg5 fxg5 33. Bh3 Ng6 34. Bg4 Nh4 35. Rh3 c5 36. Kg1 Kf6 37. Kf1 a5 38. c3 Re8 39. Ke1 Rd8 40. Rb2 Ng2+ 41. Kf2 Nh4 42. Ke1 Ng2+ 43. Kf2 Nh4 44. Ke2 Rd6 45. a3 Rd8 46. Rh1 Rd6 47. c4 b4 48. axb4 axb4 49. Ra2 Kg6 50. Rha1 Ng2 51. Ra6 Rxa6 52. Rxa6+ Kg7 53. Rc6 Ne3 54. Kf3 Nf1 55. Bf5 Nd2+ 56. Kg4 Nxb3 57. Rc8 Be3 58. Bd7 Kf6 59. Ba4 Nc1 60. Rc6+ Ke7 61. Bc2 b3 62. Bb1 b2 63. Rb6 Ne2 64. Rxb2 Nf4 65. Rb7+ Kd6 66. Rb6+ Kc7 67. Rf6 Bd4 68. Kxg5 Ne2 69. Kf5 Nc1 70. Ke6 Kb6 71. Kd5+ Ka5 72. Rf1 Ne2 73. Re1 Nc3+ 74. Kd6 Kb4 75. Bc2 Ka3 76. Bd1 Kb2 77. Bf3 Kc2 78. Rh1 Kxd3 79. Rh3 Kxc4 80. Bg2 Kb3 81. Kc6 Kb2 82. Kc7 c4 83. Kc6 Ne2 84. Kb5 c3 85. Bf3 Nc1 86. Bd1 Na2 87. Rh2+ Kb1 88. Bb3 c2 89. Bxc2+ Ka1 90. Bb3 Nc3+ 91. Kc6 Nd1 92. Ra2+ Kb1 93. Rd2 Nc3 94. Rh2 Kc1 95. Rc2+ Kb1 96. Rg2 Nxe4 97. Bc2+ Kc1 98. Bxe4 Bc3 99. Kd5 Bd4 100. Kc4 Kd1 101. Kd3 Ke1 102. Bf3 Kf1 103. Re2 Kg1 104. Be4 Kf1 105. Ra2 Ke1 106. Bg2 Bc5 107. Re2+ Kd1 108. Rxe5 Bf2 109. Ra5 Kc1 110. Ra2 Bc5 111. Rc2+ Kb1 112. Rxc5 Ka1 113. Bf3 Kb1 114. Bd1 Ka1 115. Kc2 Ka2 116. Ra5# 1-0

[Event "December 19 Late 2023"]
[Site "https://www.chess.com"]
[Date "2023.12.19"]
[Round "6"]
[White "Hoffmann, Asa"]
[Black "Cervantes Landeiro, Thalia"]
[Result "0-1"]
[Board "100"]
[TimeControl "180+1"]
[WhiteFideId "2001470"]
[BlackFideId "3520498"]
[WhiteElo "2117"]
[BlackElo "2189"]
[WhiteTeam "USA"]
[BlackTeam "USA"]
[WhiteClock "0:01:26"]
[BlackClock "0:01:35"]

1. d4 Nf6 2. Bg5 Ne4 3. Bf4 d5 4. f3 Nf6 5. e4 dxe4 6. Nc3 exf3 7. Nxf3 Bg4 8. h3 Bh5 9. g4 Bg6 10. Ne5 e6 11. Bg2 c6 12. h4 Nd5 13. Nxg6 hxg6 14. Nxd5 cxd5 15. h5 gxh5 16. gxh5 Bd6 17. Qd2 Nc6 18. O-O-O Qc7 19. Bxd6 Qxd6 20. Qg5 Qe7 21. Qxg7 O-O-O 22. Rdf1 Rdg8 23. h6 Rxg7 24. hxg7 Qg5+ 25. Kb1 Qxg7 26. Rhg1 Qxd4 0-1

[Event "December 19 Late 2023"]
[Site "https://www.chess.com"]
[Date "2023.12.19"]
[Round "6"]
[White "Biernacki, Mark"]
[Black "Reprintsev, Alexander"]
[Result "0-1"]
[Board "101"]
[TimeControl "180+1"]
[WhiteFideId "2082322"]
[BlackFideId "14100541"]
[WhiteElo "1965"]
[BlackElo "2229"]
[WhiteTeam "USA"]
[BlackTeam "UKR"]
[WhiteClock "0:00:00"]
[BlackClock "0:00:46"]

1. e4 d5 2. exd5 Qxd5 3. d4 Nc6 4. Nf3 Bg4 5. Be2 O-O-O 6. Nc3 Qa5 7. Be3 e5 8. Nxe5 Bxe2 9. Qxe2 Nxe5 10. dxe5 Qxe5 11. O-O Nf6 12. Qc4 Bd6 13. g3 a6 14. Bf4 Qc5 15. Qxc5 Bxc5 16. Rad1 Bd4 17. Rd3 Bxc3 18. Rxc3 Nd5 19. Rf3 f6 20. Bc1 Rhe8 21. a3 Re2 22. c3 Nb6 23. Re3 Rxe3 24. Bxe3 Nc4 25. Bc1 Rd5 26. Re1 Kd7 27. Kg2 Rb5 28. b4 Rd5 29. Re4 b5 30. Be3 Nxa3 31. Bc5 Re5 32. Rd4+ Ke8 33. Kf3 Nc4 34. Rd1 Re6 35. Rc1 Nd2+ 36. Kg2 Nb3 37. Rd1 Nxc5 38. bxc5 Rc6 39. Rd5 a5 40. Kf3 a4 41. Ke2 a3 0-1

[Event "December 19 Late 2023"]
[Site "https://www.chess.com"]
[Date "2023.12.19"]
[Round "6"]
[White "Pham, Le Thao Nguyen"]
[Black "Crispin Ferreras, Darvi Abraham"]
[Result "1-0"]
[Board "102"]
[TimeControl "180+1"]
[WhiteFideId "12401226"]
[BlackFideId "6402771"]
[WhiteElo "2261"]
[BlackElo "2149"]
[WhiteTeam "VIE"]
[BlackTeam "DOM"]
[WhiteClock "0:00:11"]
[BlackClock "0:00:24"]

1. d4 Nf6 2. Nf3 e6 3. Bf4 d5 4. e3 Bd6 5. Bg3 O-O 6. Nbd2 Ne4 7. Nxe4 dxe4 8. Nd2 f5 9. Bc4 Kh8 10. a4 Nc6 11. c3 e5 12. Qh5 Bd7 13. Bd5 Be8 14. Qh3 f4 15. Bxc6 bxc6 16. dxe5 Bxe5 17. exf4 Bxf4 18. Bxf4 Rxf4 19. Qe3 Rf8 20. Nxe4 Bg6 21. O-O Re8 22. f3 Bxe4 23. fxe4 Qh4 24. Rf4 Qh6 25. Raf1 a5 26. h3 Rab8 27. R1f2 Qe6 28. Qc5 h6 29. Qxa5 Ra8 30. Qxc7 Rxa4 31. b4 Ra1+ 32. Kh2 Re1 33. Rg4 Qe5+ 34. Qxe5 Rxe5 35. Rf7 g5 36. Rc7 Re6 37. h4 Rg6 38. hxg5 hxg5 39. Kg3 Re3+ 40. Kf2 Rxc3 41. Rg3 Rc4 42. Rd3 Rxe4 43. Rd8+ Rg8 44. Rdd7 Rf8+ 45. Kg1 Rh4 46. Rxc6 Rxb4 47. Rh6+ Kg8 48. Rg6+ Kh8 49. Rxg5 Rb1+ 50. Kh2 Rb6 51. Rd4 Rh6+ 52. Kg1 Rg8 53. Rf5 Rhg6 54. Rf2 Rg4 55. Rd6 R8g6 56. Rd8+ Kh7 57. Rd7+ Rg7 58. Rd5 R4g5 59. Rd3 Re7 60. Kh2 Re4 61. Rh3+ Kg6 62. g3 Rge5 63. Rh8 Re2 64. Rxe2 Rxe2+ 65. Kh3 Kg7 66. Rh5 Re1 67. Rc5 Re4 68. g4 Ra4 69. Kh4 Kg6 70. Rc6+ Kg7 71. Kh5 Ra7 72. g5 Ra1 73. Rc7+ Kg8 74. Kh6 Rh1+ 75. Kg6 Kf8 76. Rc8+ Ke7 77. Kg7 Ke6 78. g6 Kf5 79. Rc5+ Ke6 80. Rc6+ Ke7 81. Kg8 Ra1 82. g7 Rg1 83. Rc4 Rg3 84. Rf4 Rg5 85. Re4+ Kf6 86. Rf4+ Ke7 87. Rf2 Rg1 88. Re2+ Kf6 89. Kf8 1-0

[Event "December 19 Late 2023"]
[Site "https://www.chess.com"]
[Date "2023.12.19"]
[Round "6"]
[White "Novikova, Galina"]
[Black "Munoz Sanchez, Miguel"]
[Result "0-1"]
[Board "103"]
[TimeControl "180+1"]
[WhiteFideId "4157095"]
[BlackFideId "3600734"]
[WhiteElo "1972"]
[BlackElo "2124"]
[WhiteTeam "RUS"]
[BlackTeam "ECU"]
[WhiteClock "0:00:21"]
[BlackClock "0:00:19"]

1. e4 e6 2. Nf3 d5 3. e5 c5 4. b4 b6 5. bxc5 bxc5 6. c3 Nc6 7. d4 Bd7 8. Bd3 Nge7 9. O-O Nf5 10. a4 cxd4 11. Bxf5 exf5 12. cxd4 Be7 13. Na3 O-O 14. Nb5 Be6 15. Nd6 Bxd6 16. exd6 Qxd6 17. Ba3 Nb4 18. a5 Rfb8 19. Qd2 Rb5 20. Ne5 Rab8 21. h4 Qa6 22. h5 h6 23. Bxb4 Rxb4 24. Rfc1 Rb2 25. Qf4 Qe2 26. Qg3 R8b3 27. Nf3 f4 28. Qh4 Rxf3 29. gxf3 Qxf3 30. Qh2 Bh3 31. Re1 Qg4+ 32. Kh1 f3 33. Qg3 Bg2+ 34. Kg1 Qxh5 35. Qh2 Qg4 36. Qg3 Qxg3 37. fxg3 f2+ 38. Kh2 fxe1=Q 39. Rxe1 Be4+ 40. Kh3 Rd2 41. Rc1 Rxd4 42. Rc8+ Kh7 43. Rc7 a6 44. Ra7 Bd3 45. g4 Ra4 46. Kh4 Rxa5 47. Kh5 Bg6+ 48. Kh4 Ra3 49. g5 hxg5+ 50. Kxg5 f6+ 51. Kf4 d4 52. Rd7 d3 53. Ke3 Ra2 54. Rd4 Re2+ 55. Kf3 Re7 56. Rh4+ Kg8 57. Rd4 Kf7 58. Rd8 Ra7 59. Rd4 a5 60. Ke3 a4 61. Kd2 a3 62. Rb4 a2 63. Rb2 a1=Q 64. Rb4 Qa2+ 65. Ke3 Re7+ 66. Kf4 Qd2+ 67. Kg3 Qxb4 68. Kf3 Qe4+ 69. Kf2 Qf4+ 70. Kg1 Qg3+ 71. Kf1 Re1# 0-1

[Event "December 19 Late 2023"]
[Site "https://www.chess.com"]
[Date "2023.12.19"]
[Round "6"]
[White "Kepeshchuk, Mykhaylo"]
[Black "Ward, Ieuan C"]
[Result "1-0"]
[Board "105"]
[TimeControl "180+1"]
[WhiteFideId "14113139"]
[BlackFideId "406627"]
[WhiteElo "2279"]
[BlackElo "2326"]
[WhiteTeam "UKR"]
[BlackTeam "ENG"]
[WhiteClock "0:00:24"]
[BlackClock "0:00:15"]

1. d4 Nf6 2. c4 e6 3. g3 d5 4. Bg2 Be7 5. Nf3 O-O 6. O-O dxc4 7. Ne5 Nc6 8. Nxc6 bxc6 9. Na3 Ba6 10. Qa4 Qc8 11. Nxc4 Nd5 12. Bd2 Rb8 13. Rab1 Rd8 14. Rfc1 Bb5 15. Qd1 Nb6 16. Na5 Rxd4 17. Bxc6 Ba6 18. Qe1 Qf8 19. Bf3 Rd7 20. Nc6 Re8 21. Nxe7+ Qxe7 22. b3 Red8 23. Be3 e5 24. Bc6 Rd6 25. Bc5 Qf6 26. Bxd6 cxd6 27. Bg2 d5 28. a4 d4 29. Rc5 Nd7 30. Rc7 Qb6 31. Rc6 Qb7 32. b4 d3 33. b5 d2 34. Qxd2 1-0

[Event "December 19 Late 2023"]
[Site "https://www.chess.com"]
[Date "2023.12.19"]
[Round "6"]
[White "Yashmetov, Mikhail"]
[Black "Gao, Raymond"]
[Result "1-0"]
[Board "106"]
[TimeControl "180+1"]
[WhiteFideId "24198900"]
[BlackFideId "2629429"]
[WhiteElo "2220"]
[BlackElo "1953"]
[WhiteTeam "RUS"]
[BlackTeam "CAN"]
[WhiteClock "0:01:47"]
[BlackClock "0:01:01"]

1. d4 Nf6 2. Nc3 d5 3. Bg5 g6 4. Bxf6 exf6 5. e3 Bg7 6. g3 O-O 7. Bg2 c6 8. Nge2 Bg4 9. O-O Nd7 10. Qd2 Bxe2 11. Nxe2 f5 12. b3 Nf6 13. c4 Qd6 14. cxd5 Nxd5 15. Rac1 Rad8 16. Qa5 a6 17. Bxd5 Qxd5 18. Qxd5 Rxd5 19. Nf4 Rd7 20. Nd3 Re8 21. h4 Bf8 22. Rfd1 Rd5 23. b4 h5 24. a4 Red8 25. Rb1 Be7 26. Nc5 Bxc5 27. bxc5 R8d7 28. Kf1 Kf8 29. Ke2 Ke8 30. Rb6 Kd8 31. Rdb1 Kc8 32. a5 Re7 33. Kd3 Rdd7 34. Kc4 Re8 35. R6b2 Ree7 36. Re2 Re4 37. Rbe1 Re8 38. Rb1 Re6 39. Reb2 Ree7 40. Kd3 Re6 41. Ke2 Ree7 42. Kf3 Re6 43. Kf4 Rd5 44. Rxb7 Re4+ 45. Kf3 1-0

[Event "December 19 Late 2023"]
[Site "https://www.chess.com"]
[Date "2023.12.19"]
[Round "6"]
[White "Romero Ruscalleda, Josep"]
[Black "Petukhov, Dmitry"]
[Result "1-0"]
[Board "107"]
[TimeControl "180+1"]
[WhiteFideId "2231859"]
[BlackFideId "4142748"]
[WhiteElo "2200"]
[BlackElo "2269"]
[WhiteTeam "ESP"]
[BlackTeam "RUS"]
[WhiteClock "0:02:06"]
[BlackClock "0:01:55"]

1. e4 c5 2. c3 d5 3. exd5 Qxd5 4. Nf3 Nf6 5. d4 e6 6. Be3 cxd4 7. cxd4 Nc6 8. Nc3 Qd6 9. Bd3 Be7 10. O-O a6 11. Qe2 b5 12. Rac1 Nb4 13. Bb1 Bb7 14. Ne5 Nbd5 15. Nxb5 axb5 16. Qxb5+ Nd7 17. Qxb7 Rd8 18. Nc6 Rc8 19. Qxc8+ 1-0

[Event "December 19 Late 2023"]
[Site "https://www.chess.com"]
[Date "2023.12.19"]
[Round "6"]
[White "Krzywda, Andrzej"]
[Black "Silvestre, Christian"]
[Result "0-1"]
[Board "108"]
[TimeControl "180+1"]
[WhiteFideId "1114565"]
[BlackFideId "30956269"]
[WhiteElo "2130"]
[BlackElo "2264"]
[WhiteTeam "POL"]
[BlackTeam "USA"]
[WhiteClock "0:00:36"]
[BlackClock "0:00:38"]

1. e4 c5 2. Nf3 Nc6 3. d4 cxd4 4. Nxd4 g6 5. c4 Bg7 6. Be3 Nf6 7. Nc3 O-O 8. Be2 d6 9. O-O Bd7 10. h3 a5 11. b3 Nxd4 12. Bxd4 Bc6 13. Qc2 Nd7 14. Bxg7 Kxg7 15. Rad1 Qb6 16. a3 Nc5 17. Rb1 Ne6 18. b4 axb4 19. axb4 Nd4 20. Qb2 e5 21. Bd3 f5 22. f4 fxe4 23. Nxe4 Ne2+ 24. Kh2 Nxf4 25. Rxf4 Rxf4 26. c5 Qd8 27. cxd6 Bxe4 28. Qxe5+ Qf6 29. Qb5 Qxd6 30. Kh1 Bc6 31. Qb6 Qxd3 32. Qc7+ Rf7 33. Qe5+ Kg8 34. Re1 Qxh3+ 35. Kg1 Qxg2# 0-1

[Event "December 19 Late 2023"]
[Site "https://www.chess.com"]
[Date "2023.12.19"]
[Round "6"]
[White "Seletsky, Grigory"]
[Black "Chemin, Justo Reinaldo"]
[Result "0-1"]
[Board "109"]
[TimeControl "180+1"]
[WhiteFideId "14112191"]
[BlackFideId "2101580"]
[WhiteElo "2482"]
[BlackElo "1940"]
[WhiteTeam "UKR"]
[BlackTeam "BRA"]
[WhiteClock "0:00:00"]
[BlackClock "0:00:03"]

1. d4 d5 2. c4 e6 3. Nc3 c6 4. cxd5 exd5 5. Nf3 Nf6 6. Bg5 Be7 7. e3 Nbd7 8. Bd3 Nh5 9. Bxe7 Qxe7 10. O-O g6 11. Rb1 a5 12. a3 O-O 13. b4 axb4 14. axb4 b5 15. Qc2 f5 16. Ne2 Qd6 17. Qc3 Nb6 18. Ne5 Nc4 19. Bxc4 dxc4 20. Ra1 Bb7 21. f3 Nf6 22. Qd2 Nd5 23. e4 fxe4 24. Rxa8 Bxa8 25. fxe4 Rxf1+ 26. Kxf1 Nxb4 27. Qc3 c5 28. dxc5 Qxc5 29. Ng4 Nd3 30. Nh6+ Kf8 31. Qf6+ Ke8 32. Qf7+ Kd8 33. Qg8+ Kc7 34. Qxh7+ Kb6 35. Qxg6+ Ka5 36. Qf5 Qe3 37. Qf3 Qxh6 38. Qf7 Bxe4 39. Qa7+ Kb4 40. Qe7+ Kb3 41. Qxe4 Qf6+ 42. Qf3 Qxf3+ 43. gxf3 Ne5 44. f4 Nf7 45. Kf2 c3 46. Ke3 c2 47. Nd4+ Kc3 48. Nxc2 Kxc2 49. Kd4 b4 0-1